 Dungeon Crawl Stone Soup version 0.28.0-43-g3370ac3207 (webtiles) character file.

Game seed: 10662099717312949307

175 Ablot the Grasshopper (level 5, -6/43 HPs)
             Began as a Gnoll Warper on Mar 19, 2022.
             Mangled by a phantom (8 damage)
             ... on level 3 of the Dungeon.
             The game lasted 00:03:46 (2449 turns).

Ablot the Grasshopper (Gnoll Warper)                Turns: 2449, Time: 00:03:47

Health: -6/43      AC:  4    Str: 12    XL:     5   Next: 55%
Magic:  10/12      EV: 13    Int: 13    God:
Gold:   26         SH:  5    Dex: 11    Spells: 12/14 levels left

rFire   . . .      SeeInvis .   a - +0 spear
rCold   . . .      Faith    .   (no shield)
rNeg    . . .      Spirit   .   b - +0 leather armour
rPois   .          Reflect  +   (no helmet)
rElec   .          Harm     .   (no cloak)
rCorr   .          Rampage  .   e - +0 pair of gloves
Will    .....                   (no boots)
Stlth   +.........              h - amulet of reflection
HPRegen 0.14/turn               (no ring)
MPRegen 0.13/turn               (no ring)

@: very slightly contaminated
A: fangs 1, strong nose, distributed training
a: no special abilities


You were on level 3 of the Dungeon.
You visited 1 branch of the dungeon, and saw 3 of its levels.

You collected 72 gold pieces.
You spent 46 gold pieces at shops.

Inventory:

Hand Weapons
 a - a +0 spear (weapon)
Missiles
 d - 5 boomerangs of dispersal
 g - 6 sling bullets
 i - 42 stones
 k - 16 arrows
 l - 7 poisoned darts (quivered)
 m - 15 bolts
 r - a throwing net
Armour
 b - a +0 leather armour (worn)
 e - a +0 pair of gloves (worn)
Magical Staves
 n - a staff of poison
Jewellery
 h - an amulet of reflection (around neck)
 s - a ring of ice
Scrolls
 c - a scroll of blinking
 f - 2 scrolls of enchant armour {unknown}
 o - a scroll of brand weapon {unknown}
 p - a scroll of identify {unknown}
 q - 2 scrolls of immolation {unknown}
 t - 2 scrolls of magic mapping {unknown}
Potions
 j - 5 potions of curing {unknown}


   Skills:
 + Level 4.8 Fighting
 + Level 1.5 Short Blades
 + Level 1.5 Long Blades
 + Level 1.5 Axes
 + Level 1.5 Maces & Flails
 + Level 4.8 Polearms
 + Level 1.5 Staves
 + Level 1.5 Slings
 + Level 1.5 Bows
 + Level 1.5 Crossbows
 + Level 3.0 Throwing
 + Level 3.0 Armour
 + Level 4.8 Dodging
 + Level 1.5 Stealth
 + Level 1.5 Shields
 + Level 1.5 Unarmed Combat
 + Level 5.2 Spellcasting
 + Level 1.2 Conjurations
 + Level 1.2 Hexes
 + Level 1.2 Summonings
 + Level 1.2 Necromancy
 + Level 5.5 Translocations
 + Level 1.2 Transmutations
 + Level 1.2 Fire Magic
 + Level 1.2 Ice Magic
 + Level 1.2 Air Magic
 + Level 1.2 Earth Magic
 + Level 1.2 Poison Magic
 + Level 1.7 Invocations
 + Level 1.5 Evocations


You had 12 spell levels left.
You knew the following spells:

 Your Spells              Type           Power      Damage    Failure   Level
a - Blink                 Tloc           34%        N/A       3%          2

Your spell library contained the following spells:

 Spells                   Type           Power      Damage    Failure   Level
 Gell's Gravitas          Tloc           17%        N/A       7%          3
 Lesser Beckoning         Tloc           17%        N/A       7%          3
 Teleport Other           Tloc           17%        N/A       7%          3
 Manifold Assault         Tloc           17%        N/A       54%         5
 Cause Fear               Hex            3%         N/A       80%         4
 Dragon Form              Tmut           3%         N/A       100%        7
 Dragon's Call            Summ           3%         N/A       100%        9


Dungeon Overview and Level Annotations

Branches:
Dungeon (3/15)

Altars:

Shops:
D:2 *

Annotations:
D:2 1 runed translucent door, Crazy Yiuf


Innate Abilities, Weirdness & Mutations

You have very sharp teeth.
Your uncanny sense of smell can sniff out nearby items.
Your experience applies equally to all skills.


Message History

* * * LOW HITPOINT WARNING * * *
The phantom hits you but does no damage.
You miss the phantom.
The phantom is almost destroyed.
The rat bites you but does no damage.
The hobgoblin hits you but does no damage.
The phantom hits you but does no damage.
You hit the phantom.
The phantom is almost destroyed.
You block the rat's attack.
You barely miss the phantom.
The phantom is almost destroyed.
The hobgoblin barely misses you. The phantom closely misses you.
The rat barely misses you.
You closely miss the phantom.
The phantom is almost destroyed.
The hobgoblin barely misses you. The phantom hits you.
* * * LOW HITPOINT WARNING * * *
The phantom blinks!
You blink.
You hit the phantom.
The phantom is almost destroyed.
You block the phantom's attack.
You hit the phantom.
The phantom is almost destroyed.
The rat closely misses you. The phantom barely misses you.
You miss the phantom.
The phantom is almost destroyed.
The rat bites you but does no damage. The hobgoblin closely misses you.
The phantom hits you but does no damage.
You barely miss the phantom.
The phantom is almost destroyed.
The rat closely misses you. The hobgoblin closely misses you.
The phantom hits you!
* * * LOW HITPOINT WARNING * * *
Casting: Blink (safe; 3% risk of failure)
Confirm with . or Enter, or press ? or * to list all spells.
You miscast Blink.
You are very lightly contaminated with residual magic.
Nothing appears to happen.
The rat closely misses you. The phantom hits you!
You die...

....................#.#.###.#
..####..####.#.###...††......
. #..# #.#.# #...<..###
..####..####.#.#....###.#
...............###... #
#######.###########.#.
..................#.#..
#...#....####..rg.#.+ .. #.
#...)# ###W@.### #...W# ##..#
##...g ∆ #..# #...#. ##.#
#...#.. .# ##..# .. .# #..#
##. .# ##.. .. .#


You could see a phantom, a hobgoblin and a rat.

Vanquished Creatures
  A centaur skeleton (D:3)
  Jessica (D:2)
  3 gnolls (D:2)
  2 adders (D:2)
  2 worms (D:2)
  2 dart slugs
  3 endoplasms
  5 giant cockroaches
  A goblin (D:2)
  11 hobgoblins
  3 jackals (D:1)
  2 quokkas
  5 ball pythons
  5 bats
  3 frilled lizards
  7 kobolds
  9 rats
65 creatures vanquished.

Notes
Turn   | Place    | Note
-------+----------+-------------------------------------------
     0 | D:1      | Ablot the Gnoll Warper began the quest for the Orb.
     0 | D:1      | Reached XP level 1. HP: 20/20 MP: 6/6
   211 | D:1      | Reached XP level 2. HP: 26/26 MP: 7/7
   214 | D:1      | Learned a level 2 spell: Blink
   549 | D:1      | Reached XP level 3. HP: 29/31 MP: 9/9
   589 | D:1      | Reached skill level 5 in Spellcasting
   980 | D:2      | Reached skill level 1 in Invocations
  1007 | D:2      | Noticed Jessica
  1016 | D:2      | Killed Jessica
  1017 | D:2      | Reached skill level 1 in Short Blades
  1017 | D:2      | Reached skill level 1 in Long Blades
  1017 | D:2      | Reached skill level 1 in Axes
  1017 | D:2      | Reached skill level 1 in Maces & Flails
  1017 | D:2      | Reached skill level 1 in Staves
  1017 | D:2      | Reached skill level 1 in Slings
  1017 | D:2      | Reached skill level 1 in Bows
  1017 | D:2      | Reached skill level 1 in Crossbows
  1017 | D:2      | Reached skill level 1 in Stealth
  1017 | D:2      | Reached skill level 1 in Shields
  1017 | D:2      | Reached skill level 1 in Unarmed Combat
  1017 | D:2      | Reached skill level 1 in Evocations
  1017 | D:2      | Reached XP level 4. HP: 19/38 MP: 11/11
  1258 | D:2      | Reached skill level 1 in Conjurations
  1258 | D:2      | Reached skill level 1 in Hexes
  1258 | D:2      | Reached skill level 1 in Summonings
  1258 | D:2      | Reached skill level 1 in Necromancy
  1258 | D:2      | Reached skill level 1 in Transmutations
  1258 | D:2      | Reached skill level 1 in Fire Magic
  1258 | D:2      | Reached skill level 1 in Ice Magic
  1258 | D:2      | Reached skill level 1 in Air Magic
  1258 | D:2      | Reached skill level 1 in Earth Magic
  1258 | D:2      | Reached skill level 1 in Poison Magic
  1556 | D:2      | Reached XP level 5. HP: 13/43 MP: 12/12
  1814 | D:2      | Found a runed translucent door.
  1815 | D:2      | Noticed Crazy Yiuf
  1919 | D:2      | Found a faded altar of an unknown god.
  2178 | D:2      | Found Xeps's Assorted Antiques.
  2190 | D:2      | Bought a scroll labelled LEBEMIKKYE for 23 gold pieces
  2190 | D:2      | Bought a scroll labelled PAYMETHRUEX for 23 gold pieces
  2405 | D:3      | Noticed a phantom
  2448 | D:3      | HP: 2/43 [phantom (7)]
  2449 | D:3      | Mangled by a phantom

Illustrated notes

Levels and vault maps discovered:
D:1:      sevenhm_arrival_forest_fort_large_2, layout_rooms, minmay_tall_x
D:2:      layout_rooms, serial_shops, nicolae_square_shop,
          shapermc_ecumenical_altar_mp_ritualfount, uniq_crazy_yiuf_cottage,
          uniq_jessica
D:3:      minmay_recursive_quarters, layout_basic, uniq_natasha

Skill      XL: |  1  2  3  4  5 |
---------------+----------------+-----
Spellcasting   | 5 |  5.2
Invocations    | 1 |  1.7
Short Blades   | 1 |  1.5
Long Blades    | 1 |  1.5
Axes           | 1 |  1.5
Maces & Flails | 1 |  1.5
Staves         | 1 |  1.5
Slings         | 1 |  1.5
Bows           | 1 |  1.5
Crossbows      | 1 |  1.5
Stealth        | 1 |  1.5
Shields        | 1 |  1.5
Unarmed Combat | 1 |  1.5
Evocations     | 1 |  1.5
Conjurations   | 1 |  1.2
Hexes          | 1 |  1.2
Summonings     | 1 |  1.2
Necromancy     | 1 |  1.2
Transmutations | 1 |  1.2
Fire Magic     | 1 |  1.2
Ice Magic      | 1 |  1.2
Air Magic      | 1 |  1.2
Earth Magic    | 1 |  1.2
Poison Magic   | 1 |  1.2
Throwing       | 3 |  3.0
Armour         | 3 |  3.0
Fighting       | |  4.8
Polearms       | |  4.8
Dodging        | |  4.8
Translocations | |  5.5

Action                   |  1- 3 |  4- 6 || total
-------------------------+-------+-------++-------
Melee: Spear             |   163 |   177 ||   340
       Bite              |     6 |    13 ||    19
       Punch             |       |     6 ||     6
 Cast: Blink             |       |     1 ||     1
 Stab: Sleeping          |       |     1 ||     1
Armor: Leather armour    |    28 |    29 ||    57
Dodge: Dodged            |    75 |    91 ||   166
Block: Other             |    23 |    23 ||    46
